 Dungeon Crawl Stone Soup version 0.30-a0-359-gd0147acb1a (webtiles) character file.

Game seed: 3070157201719593421

28 gaeguli the Covered (level 3, -2/30 HPs)
             Began as a Barachi Fighter on Nov 11, 2022.
             Slain by a phantom (4 damage)
             ... on level 5 of the Dungeon.
             The game lasted 00:10:30 (780 turns).

gaeguli the Covered (Barachi Fighter)                Turns: 780, Time: 00:10:30

Health: -2/30      AC:  7    Str: 19    XL:     3   Next: 12%
Magic:  3/3        EV:  5    Int:  8    God:
Gold:   16         SH: 12    Dex: 11    Spells: 2/2 levels left

rFire   . . .      SeeInvis .    h - +1 short sword (drain)
rCold   . . .      Faith    .    o - +0 tower shield
rNeg    . . .      Spirit   .    b - +0 scale mail
rPois   .          Reflect  .    n - +0 hat
rElec   .          Harm     .    (no cloak)
rCorr   .          Rampage  .    (no gloves)
Will    .....                    (no boots)
Stlth   ..........               (no amulet)
HPRegen 0.25/turn                (no ring)
MPRegen 0.08/turn                (no ring)

@: slow
A: amphibious, slowness 1, strong legs 1, +LOS
a: Hop


You were on level 5 of the Dungeon.
You visited 1 branch of the dungeon, and saw 5 of its levels.

You collected 16 gold pieces.

Inventory:

Hand Weapons
 a - a +0 war axe
 h - a +1 short sword of draining (weapon)
Armour
 b - a +0 scale mail (worn)
 c - a +0 buckler
 n - a +0 hat (worn)
 o - a +0 tower shield (worn)
Scrolls
 e - a scroll of silence {unknown}
 i - 2 scrolls of identify {unknown}
 m - a scroll of vulnerability {unknown}
 p - a scroll of brand weapon {unknown}
Potions
 d - a potion of might
 f - a potion of berserk rage {unknown}
 g - a potion of flight {unknown}
 j - 3 potions of heal wounds {unknown}
 k - a potion of haste {unknown}
 l - a potion of brilliance {unknown}


   Skills:
 + Level 4.0 Fighting
 + Level 0.2 Short Blades
 + Level 2.5 Axes
 + Level 4.1 Armour
 + Level 3.6 Shields


You had 2 spell levels left.
You didn't know any spells.
Your spell library was empty.

Dungeon Overview and Level Annotations

Branches:
Dungeon (5/15)
 Temple: D:4-7

Altars:

Shops:
D:1 =


Innate Abilities, Weirdness & Mutations

You are amphibious.
You cover ground slowly.
You can hop short distances.
You have an extended range of vision and can be seen from far away.


Message History

The phantom is lightly damaged.
The adder bites you but does no damage. You block the phantom's attack.
You hit the phantom.
The phantom is lightly damaged.
You block the adder's attack. You block the phantom's attack.
You block the ice beast's attack. The adder bites you but does no damage.
You closely miss the phantom.
The phantom is lightly damaged.
The adder bites you but does no damage.
The ice beast hits you but does no damage.
You block the shadow imp's attack. You block the phantom's attack.
The adder bites you. The phantom barely misses you. The shadow imp hits you.
The ice beast completely misses you.
You barely miss the phantom.
The phantom is lightly damaged.
You block the adder's attack. You block the shadow imp's attack.
The phantom hits you.
The phantom blinks!
You blink.
You closely miss the phantom.
The phantom is lightly damaged.
The phantom hits you.
* * * LOW HITPOINT WARNING * * *
You hit the phantom but do no damage.
The phantom is lightly damaged.
The phantom hits you but does no damage.
The phantom hits you.
* * * LOW HITPOINT WARNING * * *
The phantom blinks!
You blink.
A white imp comes into view.
Found a scroll labelled NEAVO LUAME.
You closely miss the phantom.
The phantom is lightly damaged.
You are ready to hop once more.
The white imp shouts!
An ice beast comes into view.
You block the phantom's attack.
You hit the phantom.
The phantom is lightly damaged.
The phantom hits you but does no damage.
The phantom hits you.
You die...

...................##
#.
..................## #
.............Y....#
...$.........5....#
.....)............#
...........S......#
....................
..................#...
?.......@.........# ..
........W.........# .
..................#
........5........
.................
.................
........Y........
.................
.................


You could see 2 ice beasts, a phantom, an adder, a white imp and a shadow imp.

Vanquished Creatures
  An adder (D:4)
  A dart slug (D:1)
  An orc (D:3)
  An endoplasm (D:3)
  2 hobgoblins (D:1)
  3 kobolds (D:1)
  3 quokkas
  2 ball pythons
  A bat (D:1)
15 creatures vanquished.

Vanquished Creatures (others)
  4 plants (D:4)
4 creatures vanquished.

Grand Total: 19 creatures vanquished

Notes
Turn   | Place    | Note
-------+----------+-------------------------------------------
     0 | D:1      | gaeguli the Barachi Fighter began the quest for the Orb.
     0 | D:1      | Reached XP level 1. HP: 18/18 MP: 1/1
   109 | D:1      | Found Goukac's Jewellery Boutique.
   158 | D:1      | Reached XP level 2. HP: 25/25 MP: 2/2
   646 | D:4      | Reached XP level 3. HP: 17/30 MP: 3/3
   678 | D:5      | Entered Level 5 of the Dungeon
   758 | D:5      | Noticed a phantom
   759 | D:5      | Noticed an ice beast
   778 | D:5      | HP: 1/30 [phantom (6)]
   779 | D:5      | Noticed an ice beast
   780 | D:5      | Slain by a phantom

Illustrated notes

Levels and vault maps discovered:
D:1:      psy_arrival_spokes, layout_basic, serial_shops, shop
D:2:      layout_basic, serial_shops, shop
D:3:      layout_rooms, serial_shops, shop, minmay_vboxes
D:4:      wad_lake_hut, layout_cave_pools, uniq_eustachio, uniq_grinder
D:5:      layout_layer_cave

Skill      XL: |  1  2 |
---------------+-------+-----
Armour         | 4 |  4.1
Fighting       | 4 |  4.0
Short Blades   | |  0.2
Axes           | |  2.5
Shields        | |  3.6

Action                   || total
-------------------------++-------
Melee: War axe           ||    16
       Short sword       ||    54
 Abil: Hop               ||     1
Armor: Scale mail        ||    47
Dodge: Dodged            ||    26
Block: Buckler           ||     9
       Tower shield      ||    18

Table legend: (Time is in decaauts)
 A = Elapsed time spent in this place.
 B = Non-inter-level travel time spent in this place.
 C = Inter-level travel time spent in this place.
 D = Time resting spent in this place.
 E = Time spent auto-exploring this place.
 F = Levels seen in this place.
 G = Mean time per level.
                   A        B        C        D        E       F      G
               +--------+--------+--------+--------+--------+-----+--------+
         Total |    922 |    922 |      0 |      0 |      2 |   5 |  184.4 |
       Dungeon |    922 |    922 |      0 |      0 |      2 |   5 |  184.4 |
               +--------+--------+--------+--------+--------+-----+--------+

Top non-repeatable levels by time:
     D:1: 511 daAuts
     D:5: 122 daAuts
     D:3: 106 daAuts
     D:4: 103 daAuts
     D:2: 78 daAuts
